 Dungeon Crawl Stone Soup version 0.14-a0-1876-g927fc3a (webtiles) character file.

201 Jenx the Chopper (level 4, -6/39 HPs)
             Began as a Minotaur Fighter on Jan 14, 2014.
             Mangled by a goliath beetle (12 damage)
             ... on Level 3 of the Dungeon.
             The game lasted 00:03:24 (1593 turns).

Jenx the Chopper (Minotaur Fighter)                 Turns: 1593, Time: 00:03:25

HP  -6/39        AC 10     Str 20      XL: 4   Next: 16%
MP   2/2         EV  5     Int  5      God:
Gold 122         SH 19     Dex 11      Spells:  0 memorised,  3 levels left

rFire  . . .     SeeInvis .     a - +0 hand axe
rCold  . . .     Clarity  .     k - +0 chain mail (curse)
rNeg   . . .     Conserve +     c - +0 shield
rPois  .         rCorr    .     (helmet restricted)
rElec  .         rRot     .     q - +0 elf cloak
SustAb . .       Spirit   .     (no gloves)
rMut   .         Warding  .     (no boots)
Saprov . . .     Stasis   .     f - amulet of conservation
MR     .....                    (no ring)
                                (no ring)

@: not resistant to hostile enchantments, extremely unstealthy
A: retaliatory headbutt, horns 2
a: no special abilities


You were on level 3 of the Dungeon.
You were not hungry.

You visited 1 branch of the dungeon, and saw 3 of its levels.

You collected 122 gold pieces.

Inventory:

Hand weapons
 a - a +0,+0 hand axe (weapon)
Missiles
 r - 17 poisoned needles
Armour
 c - a +0 shield (worn)
 k - a cursed +0 chain mail (worn)
 q - a +0 elven cloak (worn)
Comestibles
 d - 2 bread rations
 n - a rotting chunk of quokka flesh
 p - a rotting chunk of giant newt flesh
 s - a rotting chunk of bat flesh
 v - an apple
 A - a chunk of rat flesh
 C - a chunk of adder flesh
 G - a meat ration
Scrolls
 b - a scroll of teleportation {unknown}
 e - a scroll of random uselessness {unknown}
 h - 2 scrolls of curse weapon {unknown}
 i - 2 scrolls of remove curse {unknown}
 o - 2 scrolls of enchant weapon II {unknown}
 t - a scroll of enchant weapon I {unknown}
 u - a scroll of magic mapping {unknown}
 w - 2 scrolls of identify
 F - a scroll of enchant armour {unknown}
 H - a scroll of fear {unknown}
Jewellery
 f - an amulet of conservation (around neck)
 B - an uncursed ring of teleport control
 E - a cursed -4 ring of dexterity {unknown}
Potions
 g - 5 potions of curing {unknown}
 j - a potion of beneficial mutation {unknown}
 m - a potion of cure mutation {unknown}
 x - a potion of mutation {unknown}
 z - a potion of poison {unknown}
 D - a potion of paralysis {unknown}
Magical staves
 y - an uncursed staff of fire


   Skills:
 - Level 3.6 Fighting
 * Level 5.4 Axes
 - Level 3.6 Armour
 - Level 3.6 Shields


You had 3 spell levels left.
You didn't know any spells.

Dungeon Overview and Level Annotations

Branches:
Dungeon (3/16)

Altars:


Innate Abilities, Weirdness & Mutations

You reflexively headbutt those who attack you in melee.
You have a pair of horns on your head.


Message History

You hit the goliath beetle but do no damage.
The goliath beetle is heavily wounded.
You hit the goliath beetle but do no damage.
The goliath beetle is heavily wounded.
The goliath beetle bites you but does no damage.
You hit the goliath beetle.
The goliath beetle is heavily wounded.
You hit the goliath beetle but do no damage.
You headbutt the goliath beetle.
The goliath beetle is heavily wounded.
The goliath beetle bites you!
Ouch! That really hurt!
* * * LOW HITPOINT WARNING * * *
You hit the goliath beetle but do no damage.
You headbutt the goliath beetle.
The goliath beetle is heavily wounded.
You slash the goliath beetle!
The goliath beetle is severely wounded.
The goliath beetle bites you!
You die...

............######...............
.........................########
#.#########..............##......
.......# #.......####.#.##.#####
.......# ####.....# #.#.##.#....
.......# #.....# #.#.##%#.##.
.......# #.....# #.#.##.#.##.
.......# #.....# #.#......##.
.......# #..@..# #.#...(..##.
.......# #.B...# #.#......##.
.......# #.....# .#......##.
#.###### #(....# #......##. #.#
#.....# #......... #.########
#(....# #.##.####. ..........
.(...... ...>...... #.###.....
..(....## #.#.###### #.# ..
(..#### #.........


You could see a goliath beetle.

Vanquished Creatures
  3 adders
  A worm (D:2)
  A giant mite (D:2)
  An ooze (D:3)
  4 giant cockroaches
  7 goblins
  4 hobgoblins
  3 kobolds
  A quokka (D:3)
  6 bats
  3 giant newts
  4 rats
38 creatures vanquished.

Notes
Turn   | Place    | Note
--------------------------------------------------------------
     0 | D:1      | Jenx, the Minotaur Fighter, began the quest for the Orb.
     0 | D:1      | Reached XP level 1. HP: 19/19 MP: 1/1
   225 | D:1      | Reached XP level 2. HP: 26/26 MP: 1/1
   494 | D:2      | Reached skill level 4 in Axes
   534 | D:2      | Reached XP level 3. HP: 22/31 MP: 2/2
   912 | D:2      | Reached skill level 5 in Axes
  1340 | D:3      | Reached XP level 4. HP: 39/39 MP: 2/2
  1593 | D:3      | Mangled by a goliath beetle

Action                   |  1- 3 |  4- 6 || total
-------------------------+-------+-------++-------
Melee: Hand axe          |    90 |    28 ||   118
Throw: Tomahawk          |       |     6 ||     6
  Use: Scroll            |     1 |     1 ||     2
